 Dungeon Crawl Stone Soup version 0.30.0-29-ga12c61a403 (webtiles) character file.

Game seed: 13748065152321377228

142 qw the Chopper (level 5, -3/32 HPs)
             Began as a Gargoyle Fighter on June 2, 2023.
             Slain by Menkaure (11 damage)
             ... on level 4 of the Dungeon.
             The game lasted 00:01:00 (2184 turns).

qw the Chopper (Gargoyle Fighter)                   Turns: 2184, Time: 00:01:01

Health: -3/32      AC: 17    Str: 22    XL:     5   Next: 24%
Magic:  5/5        EV:  8    Int: 11    God:
Gold:   153        SH:  4    Dex:  9    Spells: 4/4 levels left

rFire   x . .        Y - +2 war axe
rCold   + . .        c - +0 buckler
rNeg    + . .        j - +0 chain mail
rPois   inf          (no helmet)
rElec   +            (no cloak)
rCorr   .            (no gloves)
SInv    +            (no boots)
Will    .....        (no amulet) Stlth
                     p - ring of Bodily Harmony {Ice Int+3 SInv}
HPRegen 0.25/turn    n - +4 ring of protection
MPRegen 0.09/turn

%: no passive effects
@: no status effects
A: sickness immunity, AC +4, negative energy resistance 1, electricity
resistance, torment resistance 1, petrification resistance
a: no special abilities


You were on level 4 of the Dungeon.
You visited 1 branch of the dungeon, and saw 4 of its levels.

You collected 153 gold pieces.


Innate Abilities, Weirdness & Mutations

You are immune to sickness and miasma.
Your stone body is resilient. (AC +4)
You are immune to poison.
You resist negative energy. (rN+)
You are resistant to electric shocks. (rElec)
You are resistant to unholy torment.
You are immune to petrification.


   Skills:
 - Level 3.2 Fighting
 + Level 4.8 Axes
 - Level 3.2 Armour
 - Level 3.2 Shields


You had 4 spell levels left.
You didn't know any spells.
Your spell library was empty.

Inventory:

Hand Weapons
 g - a +0 mace
 Y - a +2 war axe (weapon)
Armour
 c - a +0 buckler (worn)
 j - a +0 chain mail (worn)
Jewellery
 n - a +4 ring of protection (right hand)
 p - the ring of Bodily Harmony (left hand) {Ice Int+3 SInv}
   (You acquired it on level 3 of the Dungeon)

   [ring of ice]

   It enhances your ice magic.
   Int:       It affects your intelligence (+3).
   rF:        It makes you vulnerable to fire.
   rC:        It protects you from cold.
   SInv:      It lets you see invisible.
Scrolls
 a - a scroll of brand weapon {unknown}
 k - a scroll of identify
 m - 2 scrolls of enchant armour
 q - a scroll of magic mapping {unknown}
Potions
 b - a potion of cancellation {unknown}
 d - a potion of might
 e - a potion of degeneration {unknown}
 f - a potion of magic {unknown}
 h - a potion of haste
 i - a potion of lignification
 l - a potion of curing {unknown}
 o - a potion of attraction {unknown}

Dungeon Overview and Level Annotations

Branches:
Dungeon (4/15)
 Temple: D:4-7

Altars:

Shops:
D:1 !

Annotations:
D:4 Menkaure


Message History

You hit the orc.
You kill the orc!
You closely miss the orc. You closely miss the hobgoblin.
You barely miss the orc priest.
The hobgoblin hits you but does no damage.
The orc priest closely misses you. The orc hits you with a +0 whip.
You hit the orc.
The orc is heavily wounded.
You barely miss the hobgoblin. You closely miss the orc priest.
The hobgoblin barely misses you. You block the orc priest's attack.
The orc hits you but does no damage.
Menkaure shouts, "Why can't you leave me to my rest?"
The orc priest hits you with a +0 club. The hobgoblin hits you.
The orc hits you but does no damage.
You hit the orc.
You kill the orc!
You barely miss the orc priest. You hit the hobgoblin.
You kill the hobgoblin!
Menkaure murmurs, "Let me perform the rites..."
The orc priest calls down the wrath of Beogh upon you.
Pain shoots through your body!
You barely miss the orc priest.
The orc priest is lightly wounded.
You barely miss Menkaure.
Menkaure calls on the powers of darkness!
Your body is wracked with pain!
The orc priest convulses!
The orc wizard convulses!
The orc priest closely misses you.
Menkaure calls on the powers of darkness!
Your body is wracked with pain!
The orc priest convulses!
The orc wizard convulses!
You slash the orc priest!
You kill the orc priest!
You slash Menkaure!
The orc wizard gestures at you while chanting.
You resist with some effort. Menkaure hits you. Menkaure barely misses you.
You hit the orc wizard.
The orc wizard is severely wounded.
You hit Menkaure but do no damage. Menkaure hits you!
You die...

# .# ##.######## :....o.
>..^....#... .......
##........##. .......
##......##...######.......
.....................$....
##.........?..............
........##......)o#.......
#....#####......@M.......#
####.#########...).###..?.
#.>....%....(...# .
###########.....# #######


You could see Menkaure (fast) and an orc wizard (invisible).

Vanquished Creatures
  An orc priest (D:4)
  2 iguanas (D:4)
  2 adders (D:3)
  A worm (D:2)
  3 orcs (D:4)
  5 bats
  6 endoplasms
  3 giant cockroaches
  4 goblins
  9 hobgoblins
  2 kobolds
  A quokka (D:1)
  6 ball pythons
  3 frilled lizards
  2 rats
50 creatures vanquished.

Notes
Turn   | Place    | Note
-------+----------+-------------------------------------------
     0 | D:1      | qw the Gargoyle Fighter began the quest for the Orb.
     0 | D:1      | Reached XP level 1. HP: 14/14 MP: 1/1
     0 | D:1      | 0 ||| qw: Version: 0.2-a-102-gdf20003
     0 | D:1      | 0 ||| qw: Game counter: 938
     0 | D:1      | 0 ||| qw: Always use a shield: true
     0 | D:1      | 0 ||| qw: God list: Okawaru
     0 | D:1      | 0 ||| qw: Allow faded altars: false
     0 | D:1      | 0 ||| qw: Do Orc after D:15 true
     0 | D:1      | 0 ||| qw: Do second Lair branch before Depths: true
     0 | D:1      | 0 ||| qw: Lair rune preference: random
     0 | D:1      | 0 ||| qw: Plans: Normal, Zot:1-4, Slime:5, God:TSO, Crypt,
                  | Tomb, Pan, Hells, Abyss, Win
     0 | D:1      | 0 ||| PLANNING D:1-11
    83 | D:1      | Reached skill level 2 in Axes
    92 | D:1      | Found a faded altar of an unknown god.
   108 | D:1      | Reached XP level 2. HP: 13/19 MP: 2/2
   162 | D:1      | Found Suwy's Distillery.
   168 | D:1      | 168 ||| SHOPLISTING 2 potions of curing (72 gold, have 29).
   168 | D:1      | 168 ||| SHOPLISTING 2 potions of might (96 gold, have 29).
   168 | D:1      | 168 ||| SHOPLISTING potion of curing (36 gold, have 29).
   168 | D:1      | 168 ||| SHOPLISTING potion of haste (120 gold, have 29).
   168 | D:1      | 168 ||| SHOPLISTING potion of heal wounds (60 gold, have
                  | 29).
   168 | D:1      | 168 ||| SHOPLISTING potion of might (48 gold, have 29).
   168 | D:1      | 168 ||| SHOPLISTING potion of mutation (96 gold, have 29).
   168 | D:1      | 168 ||| SHOPLISTING potion of resistance (120 gold, have
                  | 29).
   569 | D:1      | 569 ||| READING scroll labelled SOVVIA KIBUO.
   570 | D:1      | 570 ||| READING scroll labelled IQYM SOECEIV.
   571 | D:1      | 571 ||| READING scroll labelled XYODGH SA AMU.
   588 | D:2      | 588 ||| STAIRDANCE
   590 | D:2      | 590 ||| STAIRDANCE
   666 | D:2      | 666 ||| Stepping ~*~*~tactically~*~*~ (stealth).
   667 | D:2      | 667 ||| DROPPING +0 club.
   677 | D:2      | 677 ||| Stepping ~*~*~tactically~*~*~ (stealth).
   684 | D:2      | Reached skill level 3 in Axes
   686 | D:2      | Reached XP level 3. HP: 23/23 MP: 3/3
   808 | D:2      | 808 ||| Stepping ~*~*~tactically~*~*~ (stealth).
  1018 | D:2      | 1018 ||| Stepping ~*~*~tactically~*~*~ (stealth).
  1122 | D:2      | 1122 ||| UPGRADING to +0 chain mail.
  1132 | D:2      | 1132 ||| DROPPING +0 scale mail.
  1133 | D:2      | 1133 ||| READING 2 scrolls labelled LAEJAGINEFF.
  1134 | D:2      | 1134 ||| READING scroll of enchant weapon.
  1134 | D:2      | 1134 ||| ENCHANTING +1 war axe.
  1135 | D:2      | 1135 ||| READING scroll labelled NICVOWKIDU.
  1136 | D:2      | 1136 ||| READING 4 scrolls labelled ISOSEPT BOEF.
  1137 | D:2      | 1137 ||| DRINKING 2 bubbling inky potions.
  1138 | D:2      | 1138 ||| DRINKING 2 sedimented dark potions.
  1182 | D:2      | 1182 ||| READING 3 scrolls of identify.
  1182 | D:2      | 1182 ||| IDENTIFYING emerald potion
  1183 | D:2      | 1183 ||| READING 2 scrolls of identify.
  1183 | D:2      | 1183 ||| IDENTIFYING lumpy yellow potion
  1184 | D:2      | 1184 ||| DROPPING potion of brilliance.
  1185 | D:2      | 1185 ||| DROPPING potion of invisibility.
  1212 | D:3      | 1212 ||| Stepping ~*~*~tactically~*~*~ (stealth).
  2003 | D:3      | 2003 ||| READING 2 scrolls labelled URAZOIXKEX.
  2003 | D:3      | Identified 2 scrolls of acquirement
  2003 | D:3      | 2003 ||| ACQUIRING ring of Bodily Harmony {Ice Int+3 SInv}
  2003 | D:3      | Acquired the ring of Bodily Harmony {Ice Int+3 SInv}
  2005 | D:3      | 2005 ||| UPGRADING to ring of Bodily Harmony {Ice Int+3
                  | SInv}.
  2006 | D:3      | 2006 ||| READING scroll of acquirement.
  2006 | D:3      | 2006 ||| ACQUIRING +4 ring of protection
  2006 | D:3      | Acquired a +4 ring of protection
  2008 | D:3      | 2008 ||| UPGRADING to +4 ring of protection.
  2009 | D:3      | 2009 ||| READING 2 scrolls of identify.
  2009 | D:3      | 2009 ||| IDENTIFYING dark potion
  2010 | D:3      | 2010 ||| DROPPING potion of ambrosia.
  2050 | D:4      | 2050 ||| STAIRDANCE
  2053 | D:4      | Reached skill level 4 in Axes
  2053 | D:4      | Reached XP level 4. HP: 16/28 MP: 4/4
  2053 | D:4      | 2053 ||| STAIRDANCE
  2164 | D:4      | 2164 ||| Stepping ~*~*~tactically~*~*~ (hiding).
  2165 | D:4      | 2165 ||| Stepping ~*~*~tactically~*~*~ (stealth).
  2174 | D:4      | Reached XP level 5. HP: 21/32 MP: 5/5
  2175 | D:4      | Noticed Menkaure
  2183 | D:4      | HP: 8/32 [Menkaure (3)]
  2184 | D:4      | Slain by Menkaure

Levels and vault maps discovered:
D:1:      shiori_arrival_oz, layout_basic, serial_shops,
          nicolae_shop_waterfront, hellmonk_ecumenical_altar_arch_garden
D:2:      layout_rooms
D:3:      layout_basic
D:4:      layout_rooms, general_overflow_altar,
          minmay_temple_entry_statues_pillars, minmay_ruptured, uniq_menkaure

Skill      XL: |  1  2  3 |
---------------+----------+-----
Axes           | 2 3 4 |  4.8
Fighting       | |  3.2
Armour         | |  3.2
Shields        | |  3.2

Action                     |  1- 3 |  4- 6 || total
---------------------------+-------+-------++-------
  Melee: War axe           |    99 |    23 ||   122
    Use: Scroll            |    12 |       ||    12
         Potion            |     2 |       ||     2
 Armour: Scale mail        |    42 |       ||    42
         Chain mail        |    12 |    15 ||    27
  Dodge: Dodged            |    31 |     9 ||    40
  Block: Buckler           |    15 |    12 ||    27

Table legend:
 A = Non-vault XP
 B = Vault XP
 C = Vault XP percentage of total XP
 D = Non-vault monster count
 E = Vault monster count
 F = Vault count percentage of total count
                 A         B        C        D         E       F
            +---------+---------+-------+---------+---------+-------
      Total |     201 |       2 |   1.0 |      49 |       1 |   2.0
            +---------+---------+-------+---------+---------+-------
        D:1 |      22 |       2 |   8.3 |      13 |       1 |   7.1
        D:2 |      34 |       0 |   0.0 |      18 |       0 |   0.0
        D:3 |      32 |       0 |   0.0 |       6 |       0 |   0.0
        D:4 |     113 |       0 |   0.0 |      12 |       0 |   0.0
            +---------+---------+-------+---------+---------+-------
